 Dungeon Crawl Stone Soup version 0.18-a0-1514-g6ed9364 (webtiles) character file.

9 dvd the Scratcher (level 2, 0/12 HPs)
             Began as a Felid Transmuter on Mar 6, 2016.
             Slain by a bat (1 damage)
             ... on level 1 of the Dungeon.
             The game lasted 00:01:15 (353 turns).

dvd the Scratcher (Felid Transmuter)                 Turns: 353, Time: 00:01:16

Health: 0/12       AC:  1    Str:  6    XL:     2   Next: 3%
Magic:  4/6        EV: 18    Int: 14    God:
Gold:   0          SH:  0    Dex: 16    Spells: 1 memorised, 4 levels left
                                        Lives:  0   Deaths: 0

rFire  . . .     SeeInvis +       - Unarmed
rCold  . . .     Gourm    .     (armour unavailable)
rNeg   . . .     Faith    .     (shield unavailable)
rPois  .         Spirit   .     (helmet unavailable)
rElec  .         Dismiss  .     (cloak unavailable)
rCorr  .         Reflect  .     (gloves unavailable)
SustAt .         Harm     .     (boots unavailable)
MR     .....                    (no amulet)
Stlth  ++........               (no ring)
                                (no ring)

@: appendage, quick, not resistant to hostile enchantments, unstealthy
A: no armour, no weapons or thrown items, claws 1, fangs 3, horns 2, see
invisible, carnivore 3, speed 1, shaggy fur 1, slow metabolism 1, sharp paws
a: End Transformation


You were on level 1 of the Dungeon.
You were very full.
You had grown temporary horns.
You visited 1 branch of the dungeon, and saw 1 of its levels.

Inventory:

Missiles
 a - 12 arrows
Scrolls
 d - a scroll of enchant weapon {unknown}
Books
 b - a book of Changes

   Spells                             Type                      Level
   a - Beastly Appendage              Transmutation                1
   b - Sticks to Snakes               Transmutation                2
   c - Spider Form                    Transmutation/Poison         3
   d - Ice Form                       Ice/Transmutation            4
   e - Blade Hands                    Transmutation                5
Comestibles
 c - a meat ration


   Skills:
 + Level 1.0 Fighting
 + Level 2.9 Dodging
 + Level 3.3 Unarmed Combat
 * Level 2.1 Spellcasting
 * Level 2.1 Transmutations


You had 4 spell levels left.
You knew the following spells:

 Your Spells              Type           Power        Failure   Level  Hunger
a - Beastly Appendage     Trmt           #.....       12%         1    #......


Dungeon Overview and Level Annotations

Branches:
Dungeon (1/15)

Altars:


Innate Abilities, Weirdness & Mutations

You cannot wear armour.
You are incapable of wielding weapons or throwing items.
You have sharp claws.
You have razor-sharp teeth.
You have supernaturally acute eyesight.
You are carnivorous and can eat meat at any time.
You cover ground quickly.
You are covered in fur (AC +1).
You have a slow metabolism.
Your sharp claws are effective at attacking unaware monsters.
You have a pair of horns on your head.


Message History

The hobgoblin closely misses you.
You scratch the hobgoblin but do no damage.
Your headbutt misses the hobgoblin. You bite the hobgoblin.
The hobgoblin is almost dead.
The hobgoblin hits you.
* * * LOW HITPOINT WARNING * * *
Your horns disappear.
A dart slug comes into view.
A bat comes into view.
Casting: Beastly Appendage
Confirm with . or Enter, or press ? or * to list all spells.
You grow a pair of large bovine horns.
You scratch the hobgoblin.
You kill the hobgoblin!
You have reached level 2!
The bat closely misses you. The bat hits you.
* * * LOW HITPOINT WARNING * * *
You see here a hobgoblin corpse.
You closely miss the bat. The bat hits you.
You die...

#≈≈≈≈###..........
.≈≈≈≈≈≈.......(..# .
≈≈≈≈≈≈.....#.#..# .. #≈≈≈≈###..##
# #. #≈≈#...#..#.# #.⌠
#≈≈#.⌠.#....# .#
#...#≈≈#...#.####.##
..###≈..≈###........#
...w....b@......##..#
.....######......#..# ...
######.#..# # #.#..#
############# #.#..#
####...........#### #....#
##...#####+#####...#####...######
..#####§§§≈≈≈≈#####..###........#
### #≈≈§.....≈§≈# ###.###.#####.#


You could see a dart slug and a bat.

Vanquished Creatures
  A ball python (D:1)
  A bat (D:1)
  A goblin (D:1)
  3 hobgoblins (D:1)
  A kobold (D:1)
7 creatures vanquished.

Notes
Turn   | Place    | Note
--------------------------------------------------------------
     0 | D:1      | dvd the Felid Transmuter began the quest for the Orb.
     0 | D:1      | Reached XP level 1. HP: 9/9 MP: 4/4
   351 | D:1      | Reached XP level 2. HP: 2/12 MP: 4/6
   353 | D:1      | Slain by a bat

Vault maps used:
D:1:      dpeg_arrival_morbid_curiosity, fountainhead, minmay_misc_feat_encased,
          minivault_26, lexackson_kobold_supper

Action                   || total
-------------------------++-------
Melee: Unarmed           ||    16
 Cast: Beastly Appendage ||     4
 Stab: Distracted        ||     1
       Sleeping          ||     1
  Eat: Chunk             ||     4
